 Dungeon Crawl Stone Soup version 0.29-a0-973-gac7da5f7f0 (webtiles) character file.

Game seed: 18349220453635811968

770 xian the Magician (level 7, 0/32 HPs)
             Began as a Spriggan Conjurer on Aug 1, 2022.
             Was an Initiate of Gozag.
             Slain by Eustachio
             ... wielding a +1 vorpal falchion
              (5 damage)
             ... on level 5 of the Dungeon.
             The game lasted 00:10:50 (6031 turns).

xian the Magician (Spriggan Conjurer)               Turns: 6031, Time: 00:10:51

Health: 0/32       AC:  2    Str:  5    XL:     7   Next: 53%
Magic:  1/18       EV: 20    Int: 20    God:    Gozag
Gold:   539        SH:  0    Dex: 25    Spells: 16/19 levels left

rFire   . . .      SeeInvis +   l - +0 dagger
rCold   . . .      Faith    .   (no shield)
rNeg    . . .      Spirit   .   a - +0 robe
rPois   .          Reflect  .   (helmet restricted)
rElec   .          Harm     .   (no cloak)
rCorr   .          Rampage  .   (gloves unavailable)
Will    +....                   (boots unavailable)
Stlth   +++.......              (no amulet)
HPRegen 0.10/turn               f - +6 ring of dexterity
MPRegen 0.16/turn               o - +6 ring of dexterity

@: very slightly contaminated, very quick
A: very small, no large weapons, unfitting armour, see invisible, speed 3
a: Renounce Religion, Potion Petition, Call Merchant, Bribe Branch


You were on level 5 of the Dungeon.
You worshipped Gozag.
Gozag was pleased with you.
You visited 1 branch of the dungeon, and saw 6 of its levels.

You collected 589 gold pieces.
You paid 50 gold pieces to Gozag.

Inventory:

Hand Weapons
 l - a +0 dagger (weapon)
Missiles
 m - a throwing net
Armour
 a - a +0 robe (worn)
Jewellery
 f - a +6 ring of dexterity (left hand)
 o - a +6 ring of dexterity (right hand)
Scrolls
 e - a scroll of poison
 i - a scroll of fog {unknown}
 j - a scroll of amnesia {unknown}
 k - 2 scrolls of identify {unknown}
 r - a scroll of vulnerability {unknown}
 s - a scroll of brand weapon {unknown}
 u - a scroll of teleportation {unknown}
 v - 2 scrolls of fear
Potions
 b - a potion of magic
 c - 2 potions of haste {unknown}
 d - a potion of flight {unknown}
 g - a potion of lignification {unknown}
 h - a potion of resistance {unknown}
 n - a potion of cancellation {unknown}
 p - a potion of degeneration {unknown}
 q - 2 potions of curing
 t - a potion of mutation {unknown}


   Skills:
 + Level 0.2 Fighting
 + Level 1.1 Short Blades
 + Level 3.8 Dodging
 + Level 4.9 Stealth
 + Level 6.8 Spellcasting
 + Level 5.0 Conjurations


You had 16 spell levels left.
You knew the following spells:

 Your Spells              Type           Power      Damage    Failure   Level
a - Magic Dart            Conj           100%       1d8       1%          1
b - Searing Ray           Conj           54%        2d6       1%          2

Your spell library contained the following spells:

 Spells                   Type           Power      Damage    Failure   Level
 Apportation              Tloc           12%        N/A       10%         1
 Necrotise                Necr           24%        1d5       10%         1
 Summon Small Mammal      Summ           24%        N/A       10%         1
 Dazzling Flash           Conj/Hex       34%        N/A       10%         3
 Vampiric Draining        Necr           6%         2d6       28%         3
 Fulminant Prism          Conj/Hex       8%         3d7       32%         4
 Iskenderun's Mystic Bla  Conj/Tloc      17%        2d5       32%         4
 Agony                    Necr           6%         N/A       95%         5


Dungeon Overview and Level Annotations

Branches:
Dungeon (6/15)
 Temple: D:4-7

Altars:
Ashenzari
Gozag
Makhleb
Qazlal
Uskayaw
Vehumet
Xom
Zin
The Shining One

Shops:
D:1 [

Annotations:
D:4 Robin
D:5 Eustachio


Innate Abilities, Weirdness & Mutations

You are very small and have problems with some larger weapons.
You are too small for most types of armour.
You have supernaturally acute eyesight. (SInv)
You cover ground extremely quickly. (Speed+++)


Message History

Aim: Eustachio, wielding a +1 vorpal falchion and wearing a +3 leather armour of willpower (severely wounded, 71% to hit)
The searing ray hits Eustachio.
Eustachio is severely wounded. (Press . to maintain the ray.) Eustachio casts a spell.
Eustachio blinks!
The rat misses you.
The searing ray hits the rat.
You kill the rat!
The rat's corpse disappears in a puff of smoke!
The searing ray misses Eustachio.
The quokka closely misses you.
The crimson imp picks up a beetle and eats it.
The crimson imp hits you but does no damage.
The searing ray hits Eustachio.
Eustachio is almost dead.
The quokka bites you.
* * * LOW HITPOINT WARNING * * *
Eustachio casts a spell.
The crimson imp hits you.
* * * LOW HITPOINT WARNING * * *
It was a potion of curing.
You feel better.
The crimson imp disappears in a puff of smoke!
The quokka misses you. Eustachio misses you.
Casting: Searing Ray (safe; 1% risk of failure)
Confirm with . or Enter, or press ? or * to list all spells.
Aiming: Searing Ray (safe; 1% risk of failure)
Press: ? - help, Shift-Dir - straight line, f/p - Eustachio
Aim: Eustachio, wielding a +1 vorpal falchion and wearing a +3 leather armour of willpower (almost dead, 71% to hit)
The searing ray hits Eustachio.
Eustachio is almost dead. (Press . to maintain the ray.)
The quokka barely misses you. Eustachio barely misses you.
The white imp gestures at you. The puff of frost hits you!
* * * LOW HITPOINT WARNING * * *
The quokka completely misses you.
The searing ray misses Eustachio.
The searing ray hits the iron imp but does no damage.
Eustachio hits you with a +1 vorpal falchion.
You die...
Your body crumbles into a pile of gold.

##### #####
##...##
#...#######.###.##
#..........##
##.## #.55######.#
#... ####@### #.##
##..# #.ยง.@5.#
##.###..##
#.##r#.# ##....##
#......# ####.#
#..#.#.# #.#
#..#.#.# ##+## #.
#.# # ##...##
#.....r# ##.....#
#.##......
##....... #
......#.##........


You could see Eustachio, an iron imp (summoned), a crimson imp (summoned), a
white imp (summoned) and a quokka (summoned).

Vanquished Creatures
  2 yaks (D:5)
  Menkaure (D:4)
  An ogre (D:5)
  A hound (D:4)
  An orc priest (D:4)
  An iguana (D:5)
  An orc wizard (D:5)
  5 adders
  4 worms
  12 dart slugs
  11 orcs
  2 endoplasms
  A giant cockroach (D:1)
  4 goblins
  5 hobgoblins
  3 jackals (D:3)
  7 quokkas
  6 ball pythons
  7 bats
  4 frilled lizards
  3 kobolds
  5 rats
87 creatures vanquished.

Notes
Turn   | Place    | Note
-------+----------+-------------------------------------------
     0 | D:1      | xian the Spriggan Conjurer began the quest for the Orb.
     0 | D:1      | Reached XP level 1. HP: 9/9 MP: 5/5
   170 | D:1      | Found Fousurut's Armour Shoppe.
   408 | D:1      | Reached XP level 2. HP: 13/13 MP: 1/6
   463 | D:1      | Learned a level 2 spell: Searing Ray
  1290 | D:2      | Reached skill level 3 in Spellcasting
  1290 | D:2      | Reached XP level 3. HP: 16/16 MP: 3/8
  2133 | D:2      | Reached XP level 4. HP: 21/21 MP: 5/10
  2424 | D:3      | Found a hide-covered altar of Uskayaw.
  2431 | D:3      | Found a broken altar of Ashenzari.
  2439 | D:3      | Found an opulent altar of Gozag.
  2443 | D:3      | Became a worshipper of Gozag Ym Sagoz the Greedy
  2449 | D:3      | Found a burning altar of Makhleb.
  2457 | D:3      | Found a glowing golden altar of the Shining One.
  2474 | D:3      | Found a radiant altar of Vehumet.
  2479 | D:3      | Found a glowing silver altar of Zin.
  2922 | D:3      | Reached skill level 4 in Spellcasting
  3774 | D:3      | Found a shimmering altar of Xom.
  4002 | D:4      | Reached XP level 5. HP: 24/24 MP: 5/12
  4407 | D:4      | Noticed Menkaure
  4416 | D:4      | Killed Menkaure
  4417 | D:4      | Reached skill level 5 in Spellcasting
  4417 | D:4      | Reached XP level 6. HP: 9/28 MP: 4/14
  4821 | D:4      | Found a stormy altar of Qazlal.
  4982 | D:4      | Noticed Robin
  5193 | D:5      | Entered Level 5 of the Dungeon
  5371 | D:5      | Noticed a yak
  5374 | D:5      | Noticed a yak
  5375 | D:5      | Noticed a yak
  5375 | D:5      | Noticed a yak
  5384 | D:5      | Killed a yak
  5385 | D:5      | Reached skill level 6 in Spellcasting
  5385 | D:5      | Reached XP level 7. HP: 32/32 MP: 1/17
  5427 | D:5      | Killed a yak
  5428 | D:5      | Reached skill level 1 in Short Blades
  5818 | D:5      | Reached skill level 5 in Conjurations
  5821 | D:5      | Noticed Eustachio
  6031 | D:5      | Slain by Eustachio

Illustrated notes

Levels and vault maps discovered:
D:1:      amcnicky_arrival_feature_with_door, layout_basic, serial_shops,
          nicolae_shop_trees
D:2:      layout_loops_cross, kennysheep_pointless_box, glass_columns_a
D:3:      kennysheep_slugbush, layout_basic, grunt_temple_overflow_octagram,
          mainiacjoe_overflow_alcove_4
D:4:      layout_loops_ring, nicolae_overflow_hidden_temple, uniq_robin,
          uniq_menkaure
D:5:      layout_loops_corners, uniq_eustachio
D:6:      layout_loops_ring

Skill      XL: |  1  2  3  4  5  6  7 |
---------------+----------------------+-----
Conjurations   | 3 4 5 |  5.0
Spellcasting   | 3 4 5 6 |  6.8
Dodging        | 3 |  3.8
Stealth        | 4 |  4.9
Short Blades   | 1 |  1.1
Fighting       | |  0.2

Action                   |  1- 3 |  4- 6 |  7- 9 || total
-------------------------+-------+-------+-------++-------
Melee: Dagger            |     5 |     8 |     7 ||    20
 Cast: Magic Dart        |    72 |   111 |     5 ||   188
       Searing Ray       |     3 |    12 |     9 ||    24
  Use: Scroll            |     1 |     2 |     1 ||     4
       Potion            |       |       |     1 ||     1
Armor: Robe              |     3 |     1 |     2 ||     6
Dodge: Dodged            |     8 |    27 |    27 ||    62

Table legend: (Time is in decaauts)
 A = Elapsed time spent in this place.
 B = Non-inter-level travel time spent in this place.
 C = Inter-level travel time spent in this place.
 D = Time resting spent in this place.
 E = Time spent auto-exploring this place.
 F = Levels seen in this place.
 G = Mean time per level.
                   A        B        C        D        E       F      G
               +--------+--------+--------+--------+--------+-----+--------+
         Total |   4752 |   4643 |    109 |    202 |   3848 |   6 |  792.0 |
       Dungeon |   4752 |   4643 |    109 |    202 |   3848 |   6 |  792.0 |
               +--------+--------+--------+--------+--------+-----+--------+

Top non-repeatable levels by time:
     D:3: 1253 daAuts
     D:4: 1183 daAuts
     D:2: 919 daAuts
     D:1: 907 daAuts
     D:5: 347 daAuts
     D:6: 141 daAuts
